 Dungeon Crawl Stone Soup version 0.30.1-9-gdf580d7c3d (webtiles) character file.

Game seed: 2524343034054491341

156 arthad the Magician (level 5, -5/29 HPs)
             Began as a Deep Elf Fire Elementalist on Oct 19, 2023.
             Killed by divine providence
             ... invoked by an orc priest
              (13 damage)
             ... on level 3 of the Dungeon.
             The game lasted 00:03:25 (2019 turns).

arthad the Magician (Deep Elf Fire Elementalist)    Turns: 2019, Time: 00:03:25

Health: -5/29      AC:  2    Str:  5    XL:     5   Next: 15%
Magic:  7/13       EV: 13    Int: 22    God:
Gold:   258        SH:  0    Dex: 15    Spells: 3/12 levels left

rFire   . . .        e - +0 dagger (vamp)
rCold   . . .        (no shield)
rNeg    . . .        a - +0 robe
rPois   .            (no helmet)
rElec   .            (no cloak)
rCorr   .            (no gloves)
SInv    .            (no boots)
Will    .....        (no amulet)
Stlth   ++           (no ring)
HPRegen 0.24/turn    (no ring)
MPRegen 0.13/turn

%: no passive effects
@: flying, hasted, very quick
A: no striking features
a: no special abilities


You were on level 3 of the Dungeon.
You visited 1 branch of the dungeon, and saw 3 of its levels.

You collected 258 gold pieces.

Inventory:

Hand Weapons
 e - a +0 vampiric dagger (weapon)
 n - a +1 dagger of venom
Missiles
 k - 5 poisoned darts
Armour
 a - a +0 robe (worn)
Scrolls
 c - 4 scrolls of identify {unknown}
 f - 2 scrolls of teleportation {unknown}
 h - 6 scrolls of immolation {unknown}
 i - a scroll of noise {unknown}
 j - a scroll of vulnerability {unknown}
 l - a scroll of acquirement {unknown}
 m - a scroll of enchant weapon {unknown}
Potions
 b - a potion of magic
 g - a potion of flight


   Skills:
 + Level 1.2 Fighting
 + Level 3.2 Dodging
 + Level 3.1 Stealth
 * Level 4.2 Spellcasting
 * Level 2.8 Conjurations
 * Level 4.1 Fire Magic


You had 3 spell levels left.
You knew the following spells:

 Your Spells              Type           Power      Damage    Failure   Level
a - Foxfire               Conj/Fire      76%        2x1d7     2%          1
b - Scorch                Fire           44%        2d7       3%          2
c - Inner Flame           Hex/Fire       13%        N/A       14%         3
d - Volatile Blastmotes   Fire/Tloc      26%        2d12      14%         3

Your spell library contained the following spells:

 Spells                   Type           Power      Damage    Failure   Level
 Slow                     Hex            16%        N/A       11%         1
 Confusing Touch          Hex            4%         N/A       32%         3
 Vampiric Draining        Necr           4%         2d6       32%         3
 Flame Wave               Conj/Fire      19%        2d7       26%         4


Dungeon Overview and Level Annotations

Branches:
Dungeon (3/15)

Altars:


Message History

The adder is almost dead.
The orc priest casts a cantrip, but nothing happens.
You are too injured to fight recklessly!
Casting: Foxfire (safe; 2% risk of failure)
Press: ? - help, Q - select action, (/) - cycle Dir - look around, f - activate You conjure some foxfire!
The adder bites you.
You are poisoned.
The adder poisons you!
It was a potion of haste.
You feel yourself speed up.
You feel sick.
The foxfire hits the adder.
You kill the adder!
The foxfire hits the orc.
The orc is heavily wounded.
You are too injured to fight recklessly!
You feel sick.
You feel sick.
You feel sick.
The orc priest looks encouraged for a moment.
You feel sick.
You are no longer poisoned.
You are too injured to fight recklessly!
Casting: Foxfire (safe; 2% risk of failure)
Press: ? - help, Q - select action, (/) - cycle Dir - look around, f - activate You conjure some foxfire!
Casting: Foxfire (safe; 2% risk of failure)
Press: ? - help, Q - select action, (/) - cycle Dir - look around, f - activate You conjure some foxfire!
The foxfire hits the orc.
The orc is almost dead.
Casting: Foxfire (safe; 2% risk of failure)
Press: ? - help, Q - select action, (/) - cycle Dir - look around, f - activate You conjure some foxfire!
The foxfire hits the orc.
You kill the orc!
The foxfire hits the orc priest.
The orc priest is moderately wounded.
The orc priest calls down the wrath of Beogh upon you.
Beogh smites you!
You die...

#....####.)...#.....####.# #
##.###.#.####..#.#........#.#
...# ##.#.# #..#....###.... #
##.# #)#.## #).#.#......... .#
#..####.#.###).#......#.#.###.#
....^.####...).#.##.....#.....#.
##....# #...)..§#......#....<..
......####..v§§#.#.###...#....#.
............v§..@§..........<...
#............§§#.#.#####........
#.#########.####.#.# ###.....#..
#.# #....#§#.###...#...... #.#
#######.##§#.##..#######.# #.#
#........#.#............ . #.#
#........+o###.#######.. #.#
#........##....#### #.#
#........#........#


You could see an orc priest.

Vanquished Creatures
  Jessica (D:2)
  2 orc wizards (D:3)
  4 adders
  A dart slug (D:1)
  9 orcs (D:3)
  A ball python (D:2)
  2 bats
  2 endoplasms (D:1)
  2 goblins (D:1)
  3 hobgoblins
  2 quokkas
  2 frilled lizards (D:2)
  5 kobolds
  A rat (D:1)
37 creatures vanquished.

Vanquished Creatures (others)
  116 foxfires
116 creatures vanquished.

Grand Total: 153 creatures vanquished

Notes
Turn   | Place    | Note
-------+----------+-------------------------------------------
     0 | D:1      | arthad the Deep Elf Fire Elementalist began the quest for
                  | the Orb.
     0 | D:1      | Reached XP level 1. HP: 10/10 MP: 6/6
   288 | D:1      | Reached XP level 2. HP: 12/15 MP: 5/8
   349 | D:1      | Found a faded altar of an unknown god.
  1149 | D:2      | Noticed Jessica
  1166 | D:2      | Reached XP level 3. HP: 20/20 MP: 2/9
  1167 | D:2      | Killed Jessica
  1193 | D:2      | Learned a level 2 spell: Scorch
  1197 | D:2      | Learned a level 3 spell: Inner Flame
  1201 | D:2      | Learned a level 3 spell: Volatile Blastmotes
  1421 | D:2      | Reached XP level 4. HP: 18/24 MP: 8/11
  1902 | D:3      | Reached skill level 1 in Fighting
  1908 | D:3      | Reached XP level 5. HP: 22/29 MP: 3/13
  2019 | D:3      | Killed from afar by an orc priest

Illustrated notes

Levels and vault maps discovered:
D:1:      psy_arrival_conway, layout_loops_ring,
          hellmonk_ecumenical_altar_heavens_door, minmay_misc_feat_five
D:2:      layout_basic, uniq_jessica
D:3:      layout_basic, eino_tiny_chamber, minivault_24, grunt_decor_arrowhead,
          uniq_sigmund

Skill      XL: |  1  2  3  4 |
---------------+-------------+-----
Conjurations   | 2 |  2.8
Stealth        | 3 |  3.1
Dodging        | 3 |  3.2
Fighting       | 1 |  1.2
Spellcasting   | 4 |  4.2
Fire Magic     | 4 |  4.1

Action                     |  1- 3 |  4- 6 || total
---------------------------+-------+-------++-------
  Melee: Dagger            |     3 |       ||     3
   Cast: Foxfire           |    32 |    34 ||    66
    Use: Potion            |       |     2 ||     2
 Armour: Robe              |     1 |       ||     1
  Dodge: Dodged            |     9 |       ||     9
